 Dungeon Crawl Stone Soup version 0.28-a0-863-g8cecda6153 (webtiles) character file.

Game seed: 3768437278794390520

47 pokeman the Magician (level 3, -4/20 HPs)
             Began as a Deep Elf Hedge Wizard on Nov 17, 2021.
             Slain by an orc (10 damage)
             ... on level 3 of the Dungeon.
             The game lasted 00:03:02 (2058 turns).

pokeman the Magician (Deep Elf Hedge Wizard)        Turns: 2058, Time: 00:03:03

Health: -4/20      AC:  3    Str:  7    XL:     3   Next: 48%
Magic:  9/11       EV: 11    Int: 19    God:
Gold:   55         SH:  0    Dex: 14    Spells: 1/12 levels left

rFire   . . .      SeeInvis .   j - +0 great sword
rCold   . . .      Faith    .   (shield currently unavailable)
rNeg    . . .      Spirit   .   p - +0 leather armour
rPois   .          Reflect  .   c - +0 hat
rElec   .          Harm     .   (no cloak)
rCorr   .          Rampage  .   (no gloves)
Will    .....                   (no boots)
Stlth   ++........              (no amulet)
HPRegen 0.06/turn               (no ring)
MPRegen 0.12/turn               (no ring)

@: no status effects
A: no striking features
a: no special abilities


You were on level 3 of the Dungeon.
You visited 1 branch of the dungeon, and saw 3 of its levels.

You collected 297 gold pieces.
You spent 242 gold pieces at shops.

Inventory:

Hand Weapons
 j - a +0 great sword (weapon)
Missiles
 e - 20 bolts
Armour
 c - a +0 hat (worn)
 p - a +0 leather armour (worn)
Scrolls
 b - a scroll of torment {unknown}
 h - a scroll of enchant weapon {unknown}
 i - 2 scrolls of teleportation {unknown}
 n - a scroll of immolation {unknown}
 o - a scroll of fear {unknown}
Potions
 a - 2 potions of attraction {unknown}
 d - a potion of mutation {unknown}
 f - 3 potions of heal wounds
 g - a potion of haste {unknown}
 k - a potion of degeneration
 l - a potion of curing
 m - a potion of magic


   Skills:
 + Level 0.9 Fighting
 - Level 1.0 Armour
 + Level 2.4 Dodging
 - Level 2.4 Stealth
 * Level 5.3 Spellcasting
 + Level 1.8 Conjurations
 - Level 1.1 Summonings
 - Level 1.1 Translocations


You had one spell level left.
You knew the following spells:

 Your Spells              Type           Power      Damage    Failure   Level
a - Magic Dart            Conj           48%        1d5       9%          1
b - Mephitic Cloud        Conj/Pois/Air  7%         N/A       38%         3
c - Call Imp              Summ           9%         N/A       17%         2
d - Blink                 Tloc           18%        N/A       17%         2
e - Conjure Flame         Conj/Fire      8%         6-21      34%         3

Your spell library contained the following spells:

 Spells                   Type           Power      Damage    Failure   Level
 Slow                     Hex            20%        N/A       17%         1


Dungeon Overview and Level Annotations

Branches:
Dungeon (3/15)

Altars:
Fedhas
Xom

Shops:
D:2 ![

Annotations:
D:3 2 runed translucent doors


Message History

You can't see any susceptible monsters within range! (Use Z to cast anyway.) Unknown command.
Casting: Magic Dart (safe; 9% risk of failure)
Confirm with . or Enter, or press ? or * to list all spells.
You can't see any susceptible monsters within range! (Use Z to cast anyway.) Unknown command.
Magic restored.
b - a scroll labelled ALUHIF RAWA
Found a glowing short sword.
A goblin comes into view. It is wielding a +0 club.
Casting: Magic Dart (safe; 9% risk of failure)
Confirm with . or Enter, or press ? or * to list all spells.
Aiming: Magic Dart (safe; 9% risk of failure)
Press: ? - help, Shift-Dir - straight line, f - goblin
Aim: a goblin, wielding a +0 club (asleep, 100% to hit)
The magic dart hits the goblin.
You kill the goblin!
Your Armour skill increases to level 1!
Casting: Magic Dart (safe; 9% risk of failure)
Confirm with . or Enter, or press ? or * to list all spells.
You can't see any susceptible monsters within range! (Use Z to cast anyway.) Unknown command.
Casting: Magic Dart (safe; 9% risk of failure)
Confirm with . or Enter, or press ? or * to list all spells.
You can't see any susceptible monsters within range! (Use Z to cast anyway.) Unknown command.
An orc comes into view. It is wielding a +0 war axe.
The orc shouts!
You barely miss the orc. The orc barely misses you.
You barely miss the orc. The orc barely misses you.
The orc hits you with a +0 war axe!
You barely miss the orc. The orc hits you with a +0 war axe.
* * * LOW HITPOINT WARNING * * *
The orc barely misses you.
Casting: Magic Dart (safe; 9% risk of failure)
Confirm with . or Enter, or press ? or * to list all spells.
A beastly little devil appears in a puff of flame.
The orc hits you with a +0 war axe!
Ouch! That really hurt!
You die...

#######################.
........................
.......#########.######.
######.# ##.######. #.#
#.@o...... #.#
#......... #..
#.:5.....# ##.
#.).....## .. #......##
#. #.)...## .. #.....#
#.....#


You could see an orc (ally target) and a friendly crimson imp (summoned).

Vanquished Creatures
  2 worms (D:2)
  5 endoplasms
  2 giant cockroaches
  6 goblins
  4 hobgoblins
  2 jackals (D:1)
  A kobold (D:1)
  4 quokkas (D:1)
  4 ball pythons
  2 bats (D:1)
  2 rats (D:1)
34 creatures vanquished.

Notes
Turn   | Place    | Note
-------+----------+-------------------------------------------
     0 | D:1      | pokeman the Deep Elf Hedge Wizard began the quest for the
                  | Orb.
     0 | D:1      | Reached XP level 1. HP: 10/10 MP: 7/7
    63 | D:1      | Found a faded altar of an unknown god.
   323 | D:1      | Reached XP level 2. HP: 14/16 MP: 0/9
   905 | D:1      | Reached skill level 5 in Spellcasting
  1026 | D:1      | You fall into a shaft and drop 1 floor!
  1106 | D:2      | Reached XP level 3. HP: 20/20 MP: 0/11
  1110 | D:2      | Learned a level 3 spell: Mephitic Cloud
  1302 | D:2      | Learned a level 2 spell: Call Imp
  1305 | D:2      | Learned a level 2 spell: Blink
  1309 | D:2      | Learned a level 3 spell: Conjure Flame
  1768 | D:2      | Found Miquoc's Antique Armour Emporium.
  1795 | D:2      | Found Kakhasev's Distillery.
  1836 | D:2      | Bought a potion of degeneration for 11 gold pieces
  1836 | D:2      | Bought a potion of heal wounds for 55 gold pieces
  1836 | D:2      | Bought a potion of curing for 33 gold pieces
  1836 | D:2      | Bought a potion of magic for 88 gold pieces
  1836 | D:2      | Bought a potion of heal wounds for 55 gold pieces
  1899 | D:3      | Found a blossoming altar of Fedhas.
  1984 | D:3      | Found a large runed translucent door.
  1984 | D:3      | Found a shimmering altar of Xom.
  1984 | D:3      | Found a large runed translucent door.
  2053 | D:3      | Reached skill level 1 in Armour
  2058 | D:3      | Slain by an orc

Illustrated notes

Levels and vault maps discovered:
D:1:      nagdon_arrival_double_spiral, layout_loops_cross,
          hellmonk_ecumenical_altar_heavens_door, serial_bayou_ford_a
D:2:      layout_rooms, serial_shops, shop_coins, shop_coins
D:3:      due_chaos_kobolds, layout_basic, tgw_xom,
          nicolae_sif_muna_condensation, fedhas_altar_1

Skill      XL: |  1  2  3 |
---------------+----------+-----
Spellcasting   | 5 |  5.3
Armour         | 1 |  1.0
Fighting       | |  0.9
Dodging        | |  2.4
Stealth        | |  2.4
Conjurations   | |  1.8
Summonings     | |  1.1
Translocations | |  1.1

Action                   || total
-------------------------++-------
Melee: Dagger            ||    14
       Great sword       ||     3
 Cast: Magic Dart        ||    98
       Call Imp          ||     1
Armor: Robe              ||     4
Dodge: Dodged            ||    18

Table legend: (Time is in decaauts)
 A = Elapsed time spent in this place.
 B = Non-inter-level travel time spent in this place.
 C = Inter-level travel time spent in this place.
 D = Time resting spent in this place.
 E = Time spent auto-exploring this place.
 F = Levels seen in this place.
 G = Mean time per level.
                   A        B        C        D        E       F      G
               +--------+--------+--------+--------+--------+-----+--------+
         Total |   2064 |   2030 |     34 |     85 |   1697 |   3 |  688.0 |
       Dungeon |   2064 |   2030 |     34 |     85 |   1697 |   3 |  688.0 |
               +--------+--------+--------+--------+--------+-----+--------+

Top non-repeatable levels by time:
     D:1: 1272 daAuts
     D:2: 629 daAuts
     D:3: 162 daAuts
